MID
BURLINGTON BEES @ QUAD CITIES RIVER BANDITS
04/10/2099
 
TOP OF THE 1ST
Burlington Bees batting - Pitching for Quad Cities River Bandits : RHP Juan Gomez
Pitching: RHP Juan Gomez
Batting: RHB Dave Chaparro 0-0: Swinging Strike
0-1: Ball
1-1: Called Strike
1-2: Strikes out swinging
Batting: RHB Cody Fulton 0-0: Ball
1-0: Foul Ball, location: 2RF
1-1: Foul Ball, location: 3FF
1-2: Ground out 4-3 (Groundball, 4S, EV 62.5 MPH)
Batting: RHB Mark Bevan 0-0: Foul Ball, location: 9LMF
0-1: Ball
1-1: Foul Ball, location: 2F
1-2: Foul Ball, location: 2F
1-2: Ball
2-2: Fly out, F6 (Line Drive, 6, EV 70.6 MPH)
Top of the 1st over - 0 runs, 0 hits, 0 errors, 0 left on base; Burlington 0 - Quad Cities 0
BOTTOM OF THE 1ST
Quad Cities River Bandits batting - Pitching for Burlington Bees : RHP Bill Ploughman
Pitching: RHP Bill Ploughman
Batting: RHB Chris Oakley 0-0: Ball
1-0: Ball
2-0: Ball
3-0: Foul Ball, location: 25F
3-1: Base on Balls
Batting: RHB Jim Welch 0-0: Foul Ball, location: 2F
0-1: Ball
1-1: Foul Ball, location: 3FF
1-2: Ball
2-2: Ball
3-2: Strikes out swinging
Chris Oakley steals 2nd base
Batter strikes out.
Batting: RHB Cody Shuman 0-0: Foul Ball, location: 2F
0-1: Ball
1-1: Foul Ball, location: 25F
1-2: Ball
2-2: Ball
3-2: Foul Ball, location: 2F
3-2: Base on Balls
Batting: RHB Dave Orme 0-0: Ball
1-0: Foul Ball, location: 9LSF
1-1: Ball
2-1: Ball
3-1: Base on Balls
Chris Oakley to third
Cody Shuman to second
Batting: LHB Richard Merino 0-0: Called Strike
0-1: Ball
1-1: Ball
2-1: Ball
3-1: Called Strike
3-2: Foul Ball, location: 7LMF
3-2: Base on Balls
Chris Oakley scores
Cody Shuman to third
Dave Orme to second
Pitching: RHP Ricardo Guerrero
Batting: RHB Paolo Couvreur 0-0: Ball
1-0: Ball
2-0: Ball
3-0: Called Strike
3-1: Base on Balls
Cody Shuman scores
Dave Orme to third
Richard Merino to second
Batting: LHB Chris Sharpe 0-0: Fly out, F9 (Flyball, 9D, EV 101.9 MPH)
Runner from 3rd tags up, SCORES, no throw by RF
Batting: RHB Matt Wasserman 0-0: Fly out, F6 (Popup, 6MS, EV 65.0 MPH)
Bottom of the 1st over - 3 runs, 0 hits, 0 errors, 2 left on base; Burlington 0 - Quad Cities 3
TOP OF THE 2ND
Burlington Bees batting - Pitching for Quad Cities River Bandits : RHP Juan Gomez
Batting: RHB Vince McKnight 0-0: Ball
1-0: Fly out, F7 (Flyball, 7LSF, EV 72.5 MPH)
Batting: LHB Kevin Zarndt 0-0: Foul Ball, location: 2F
0-1: Ball
1-1: Swinging Strike
1-2: Foul Ball, location: 7LMF
1-2: Ball
2-2: Strikes out looking
Batting: RHB Chris Kuhn 0-0: Ball
1-0: Ball
2-0: Ball
3-0: Called Strike
3-1: Called Strike
3-2: Base on Balls
Batting: RHB Scott Havens 0-0: Swinging Strike
0-1: Ball
1-1: Ball
2-1: Ground out 4-3 (Groundball, 4D, EV 96.9 MPH)
Top of the 2nd over - 0 runs, 0 hits, 0 errors, 1 left on base; Burlington 0 - Quad Cities 3
BOTTOM OF THE 2ND
Quad Cities River Bandits batting - Pitching for Burlington Bees : RHP Ricardo Guerrero
Batting: RHB Ricky Hawk 0-0: Called Strike
0-1: Foul Ball, location: 3F
0-2: Ball
1-2: Ball
2-2: Ground out 4-3 (Groundball, 4, EV 87.5 MPH)
Batting: RHB Chris Oakley 0-0: Ball
1-0: Fly out, F8 (Flyball, 8RD, EV 103.8 MPH)
Batting: RHB Jim Welch 0-0: DOUBLE (Line Drive, 8RXD, EV 108.1 MPH)
Batting: RHB Cody Shuman 0-0: Called Strike
0-1: SINGLE (Line Drive, 6M, EV 96.9 MPH)
Jim Welch to third
Runner from 3rd tries for Home, SAFE, throw by CF to home
Batting: RHB Dave Orme 0-0: Called Strike
0-1: Fly out, F7 (Flyball, 7S, EV 87.5 MPH)
Bottom of the 2nd over - 1 run, 2 hits, 0 errors, 1 left on base; Burlington 0 - Quad Cities 4
TOP OF THE 3RD
Burlington Bees batting - Pitching for Quad Cities River Bandits : RHP Juan Gomez
Batting: RHB Greg Buchholtz 0-0: Ball
1-0: Called Strike
1-1: Fly out, F9 (Flyball, 9S, EV 86.9 MPH)
Batting: RHB Arturo Ramirez 0-0: Ball
1-0: Ball
2-0: Fly out, F4 (Popup, 4, EV 57.5 MPH)
Batting: RHB Dave Chaparro 0-0: Ball
1-0: Ball
2-0: Ball
3-0: Called Strike
3-1: SINGLE (Line Drive, 7S, EV 104.4 MPH)
Batting: RHB Cody Fulton 0-0: Ball
Dave Chaparro steals 2nd base
1-0: Swinging Strike
1-1: Foul Ball, location: 2F
1-2: Strikes out looking
Top of the 3rd over - 0 runs, 1 hit, 0 errors, 1 left on base; Burlington 0 - Quad Cities 4
BOTTOM OF THE 3RD
Quad Cities River Bandits batting - Pitching for Burlington Bees : RHP Ricardo Guerrero
Batting: LHB Richard Merino 0-0: Called Strike
0-1: Foul Ball, location: 2LF
0-2: SINGLE (Groundball, 34D, EV 94.4 MPH)
Batting: RHB Paolo Couvreur 0-0: Foul Ball, location: 2F
0-1: Foul Ball, location: 5SF
0-2: Foul Ball, location: 25F
0-2: Fly out, F7 (Flyball, 7, EV 83.1 MPH)
Batting: LHB Chris Sharpe 0-0: Ball
1-0: Called Strike
1-1: Fielders Choice at 2nd, 4-6 (Groundball, 34, EV 81.3 MPH)
Batting: RHB Matt Wasserman 0-0: Ball
1-0: Foul Ball, location: 3F
1-1: Fly out, F7 (Flyball, 7, EV 88.8 MPH)
Bottom of the 3rd over - 0 runs, 1 hit, 0 errors, 1 left on base; Burlington 0 - Quad Cities 4
TOP OF THE 4TH
Burlington Bees batting - Pitching for Quad Cities River Bandits : RHP Juan Gomez
Batting: RHB Mark Bevan 0-0: Foul Ball, location: 2F
0-1: Ball
1-1: Ball
2-1: Swinging Strike
2-2: Ball
3-2: Strikes out swinging
Batting: RHB Vince McKnight 0-0: Foul Ball, location: 5DF
0-1: Ball
1-1: Ball
2-1: Ball
3-1: DOUBLE (Groundball, 5L, EV 104.4 MPH)
Batting: LHB Kevin Zarndt 0-0: Swinging Strike
0-1: Ball
1-1: Ball
2-1: Ground out 2-3 (Groundball, 2L, EV 68.1 MPH)
Batting: RHB Chris Kuhn 0-0: Ball
1-0: Ball
2-0: Fly out, F7 (Line Drive, 78M, EV 103.8 MPH)
Top of the 4th over - 0 runs, 1 hit, 0 errors, 1 left on base; Burlington 0 - Quad Cities 4
BOTTOM OF THE 4TH
Quad Cities River Bandits batting - Pitching for Burlington Bees : RHP Ricardo Guerrero
Batting: RHB Ricky Hawk 0-0: Ball
1-0: Foul Ball, location: 2F
1-1: Foul Ball, location: 2F
1-2: Ground out 5-3 (Groundball, 5L, EV 80.0 MPH)
Batting: RHB Chris Oakley 0-0: Ball
1-0: Called Strike
1-1: Ball
2-1: Ball
3-1: SINGLE (Line Drive, 56D, EV 98.1 MPH)
Batting: RHB Jim Welch Pickoff Play to 1st, Runner tries for 2nd, OUT after rundown.
0-0: Called Strike
0-1: Ball
1-1: Called Strike
1-2: Ground out 5-3 (Groundball, 56, EV 98.1 MPH)
Bottom of the 4th over - 0 runs, 1 hit, 0 errors, 0 left on base; Burlington 0 - Quad Cities 4
TOP OF THE 5TH
Burlington Bees batting - Pitching for Quad Cities River Bandits : RHP Juan Gomez
Batting: RHB Scott Havens 0-0: Foul Ball, location: 9LSF
0-1: Ball
1-1: Ball
2-1: Ground out 4-3 (Groundball, 4S, EV 81.9 MPH)
Batting: RHB Greg Buchholtz 0-0: Ball
1-0: Ball
2-0: Foul Ball, location: 2F
2-1: Foul Ball, location: 23F
2-2: Fly out, F7 (Flyball, 78S, EV 84.4 MPH)
Batting: RHB Arturo Ramirez 0-0: Swinging Strike
0-1: Foul Ball, location: 2F
0-2: Foul Ball, location: 2F
0-2: Foul Ball, location: 5FF
0-2: Hit by Pitch
Batting: RHB Dave Chaparro 0-0: Ball
1-0: Swinging Strike
1-1: Swinging Strike
1-2: Strikes out swinging
Top of the 5th over - 0 runs, 0 hits, 0 errors, 1 left on base; Burlington 0 - Quad Cities 4
BOTTOM OF THE 5TH
Quad Cities River Bandits batting - Pitching for Burlington Bees : RHP Ricardo Guerrero
Batting: RHB Cody Shuman 0-0: Called Strike
0-1: Swinging Strike
0-2: Fly out, F4 (Popup, 4D, EV 50.0 MPH)
Batting: RHB Dave Orme 0-0: Ball
1-0: Called Strike
1-1: Ball
2-1: Ball
3-1: Fly out, F2 (Popup, 3SF, EV 71.3 MPH)
Batting: LHB Richard Merino 0-0: Ball
1-0: SINGLE (Line Drive, 78S, EV 98.8 MPH)
Batting: RHB Paolo Couvreur 0-0: Foul Ball, location: 2F
0-1: 2-RUN HOME RUN (Flyball, 7LD, EV 94.4 MPH), Distance : 366 ft
Batting: LHB Chris Sharpe 0-0: Foul Ball, location: 2F
0-1: Foul Ball, location: 7LDF
0-2: Ball
1-2: Ball
2-2: Ball
3-2: Ground out 4-3 (Groundball, 4, EV 90.6 MPH)
Bottom of the 5th over - 2 runs, 2 hits, 0 errors, 0 left on base; Burlington 0 - Quad Cities 6
TOP OF THE 6TH
Burlington Bees batting - Pitching for Quad Cities River Bandits : RHP Juan Gomez
Batting: RHB Cody Fulton 0-0: Called Strike
0-1: Foul Ball, location: 5FF
0-2: Ball
1-2: Foul Ball, location: 9LSF
1-2: Ball
2-2: DOUBLE (Flyball, 78D, EV 88.1 MPH)
Pitching: RHP Nate Kirby
Batting: RHB Mark Bevan 0-0: Swinging Strike
0-1: Swinging Strike
0-2: Strikes out swinging
Batting: RHB Vince McKnight 0-0: Ball
1-0: Ball
2-0: Ground out 1-3 (Groundball, 13S, EV 68.1 MPH)
Cody Fulton to third
Batting: LHB Kevin Zarndt 0-0: Swinging Strike
0-1: Foul Ball, location: 9LDF
0-2: Ball
1-2: Ball
2-2: Foul Ball, location: 2F
2-2: Strikes out swinging
Top of the 6th over - 0 runs, 1 hit, 0 errors, 1 left on base; Burlington 0 - Quad Cities 6
BOTTOM OF THE 6TH
Quad Cities River Bandits batting - Pitching for Burlington Bees : RHP Ricardo Guerrero
Batting: RHB Matt Wasserman 0-0: Ball
1-0: Fly out, F7 (Flyball, 7LD, EV 109.4 MPH)
Batting: RHB Ricky Hawk 0-0: Called Strike
0-1: Foul Ball, location: 2F
0-2: Strikes out swinging
Batting: RHB Chris Oakley 0-0: Ball
1-0: Foul Ball, location: 9LMF
1-1: Ball
2-1: Ball
3-1: Called Strike
3-2: Strikes out swinging
Bottom of the 6th over - 0 runs, 0 hits, 0 errors, 0 left on base; Burlington 0 - Quad Cities 6
TOP OF THE 7TH
Burlington Bees batting - Pitching for Quad Cities River Bandits : RHP Nate Kirby
Batting: RHB Chris Kuhn 0-0: Called Strike
0-1: Ball
1-1: Ball
2-1: Foul Ball, location: 3DF
2-2: Ball
3-2: Foul Ball, location: 9LSF
3-2: Strikes out swinging
Batting: RHB Scott Havens 0-0: Foul Ball, location: 9LDF
0-1: Called Strike
0-2: Strikes out swinging
Batting: RHB Greg Buchholtz 0-0: Called Strike
0-1: Ball
1-1: SINGLE (Groundball, 6MD, EV 98.8 MPH)
Batting: RHB Arturo Ramirez 0-0: Ball
1-0: SINGLE (Line Drive, 7S, EV 101.9 MPH)
Greg Buchholtz to second
Batting: RHB Dave Chaparro 0-0: Ground out U3 (Groundball, 34, EV 85.6 MPH)
Top of the 7th over - 0 runs, 2 hits, 0 errors, 2 left on base; Burlington 0 - Quad Cities 6
BOTTOM OF THE 7TH
Quad Cities River Bandits batting - Pitching for Burlington Bees : RHP Ricardo Guerrero
Batting: RHB Jim Welch 0-0: Ball
1-0: Ball
2-0: Ball
3-0: Called Strike
3-1: Foul Ball, location: 5FF
3-2: Base on Balls
Batting: RHB Cody Shuman 0-0: Ball
1-0: Fly out, F8 (Flyball, 8LD, EV 91.9 MPH)
Batting: RHB Dave Orme 0-0: Called Strike
0-1: Ball
1-1: Swinging Strike
1-2: Strikes out swinging
Batting: LHB Richard Merino 0-0: Foul Ball, location: 23F
0-1: Ball
1-1: Ball
2-1: SINGLE (Line Drive, 89S, EV 93.1 MPH)
Jim Welch to second
Runner from 2nd tries for 3rd, SAFE, throw by RF made to third
Batting: RHB Paolo Couvreur 0-0: Ball
1-0: Foul Ball, location: 9LMF
1-1: Ball
2-1: TRIPLE (Flyball, 7D, EV 90.6 MPH)
Jim Welch scores
Richard Merino scores
Pitching: RHP Dan Godfrey
Batting: LHB Chris Sharpe 0-0: Ball
1-0: Called Strike
1-1: Ball
2-1: Swinging Strike
2-2: Strikes out looking
Bottom of the 7th over - 2 runs, 2 hits, 0 errors, 1 left on base; Burlington 0 - Quad Cities 8
TOP OF THE 8TH
Burlington Bees batting - Pitching for Quad Cities River Bandits : RHP Nate Kirby
Batting: RHB Cody Fulton 0-0: Ball
1-0: Called Strike
1-1: Ball
2-1: Foul Ball, location: 5FF
2-2: Strikes out swinging
Pinch Hitting: RHB Glenn Sciancalepore 0-0: Ball
1-0: Ball
2-0: Ball
3-0: Base on Balls
Pinch Hitting: RHB Luis Trevino 0-0: Ball
1-0: Fly out, F9 (Line Drive, 9S, EV 89.4 MPH)
Batting: LHB Kevin Zarndt 0-0: Foul Ball, location: 5DF
0-1: Foul Ball, location: 7LSF
0-2: Strikes out swinging
Top of the 8th over - 0 runs, 0 hits, 0 errors, 1 left on base; Burlington 0 - Quad Cities 8
BOTTOM OF THE 8TH
Quad Cities River Bandits batting - Pitching for Burlington Bees : RHP Dan Godfrey
Now at SS: Dean Neufeld
Now in LF: Glenn Sciancalepore
Batting: RHB Matt Wasserman 0-0: Called Strike
0-1: Ball
1-1: Foul Ball, location: 2F
1-2: Strikes out swinging
Batting: RHB Ricky Hawk 0-0: Ball
1-0: Ball
2-0: SINGLE (Groundball, 4MD, EV 102.5 MPH)
Batting: RHB Chris Oakley 0-0: Ball
1-0: Ball
2-0: Called Strike
2-1: Foul Ball, location: 25FF
2-2: Foul Ball, location: 3F
2-2: Ball
3-2: Foul Ball, location: 5FF
3-2: Fielders Choice at 2nd, 5-4 (Groundball, 56S, EV 86.9 MPH)
Batting: RHB Jim Welch 0-0: Ball
1-0: Called Strike
1-1: SINGLE (Line Drive, 5L, EV 105.6 MPH)
Chris Oakley to second
Pinch Hitting: RHB Sean Cynar 0-0: Ball
1-0: Swinging Strike
1-1: Foul Ball, location: 25FF
1-2: Foul Ball, location: 9LMF
1-2: Strikes out swinging
Bottom of the 8th over - 0 runs, 2 hits, 0 errors, 2 left on base; Burlington 0 - Quad Cities 8
TOP OF THE 9TH
Burlington Bees batting - Pitching for Quad Cities River Bandits : RHP Nate Kirby
Now at 1B: Eybert Avitabile
Batting: RHB Chris Kuhn 0-0: Fly out, F4 (Popup, 4M, EV 78.8 MPH)
Batting: RHB Scott Havens 0-0: Fly out, F7 (Line Drive, 7LM, EV 104.4 MPH)
Batting: RHB Greg Buchholtz 0-0: Called Strike
0-1: Ground out U3 (Groundball, 3S, EV 68.1 MPH)
Top of the 9th over - 0 runs, 0 hits, 0 errors, 0 left on base; Burlington 0 - Quad Cities 8
Friday, May 3rd , 2024 - OOTP Baseball 24.11 Build 85